 Dungeon Crawl Stone Soup version 0.19-a0-570-g8ae9a92 (webtiles) character file.

10003 TheGoonsmith the Nimble (level 11, -10/64 HPs)
             Began as a Deep Elf Wizard on June 8, 2016.
             Was an Elder of Vehumet.
             Mangled by a cyan ugly thing (15 damage)
             ... on level 11 of the Dungeon.
             The game lasted 00:38:03 (16441 turns).

TheGoonsmith the Nimble (Deep Elf Wizard)          Turns: 16441, Time: 00:38:04

Health: -10/64     AC: 16    Str:  4    XL:     11   Next: 30%
Magic:  8/27       EV: 23    Int: 24    God:    Vehumet [****..]
Gold:   703        SH:  0    Dex: 16    Spells: 9 memorised, 2 levels left

rFire  . . .     SeeInvis .     B - +2 dagger (protect)
rCold  . . .     Gourm    .     M - +1 robe {MR+}
rNeg   . . .     Faith    .     (no shield)
rPois  .         Spirit   .     X - +2 hat
rElec  .         Dismiss  .     s - +2 cloak {MR+}
rCorr  .         Reflect  .     v - +0 pair of gloves
SustAt .         Harm     .     t - +2 pair of boots
MR     ++++.                    (no amulet)
Stlth  ++........               A - ring of protection from magic
                                N - +3 ring of evasion

@: repel missiles, incredibly resistant to hostile enchantments, unstealthy
A: deformed body, MP-powered wands
a: Renounce Religion


You were on level 11 of the Dungeon.
You worshipped Vehumet.
Vehumet was greatly pleased with you.
You were not hungry.

You visited 2 branches of the dungeon, and saw 13 of its levels.
You also visited: Sewer.

You collected 703 gold pieces.

Inventory:

Hand Weapons
 B - a +2 dagger of protection (weapon)
Armour
 a - a +0 robe
 s - a +2 cloak of magic resistance (worn)
 t - a +2 pair of boots (worn)
 v - a +0 pair of gloves (worn)
 H - the cursed +1 ring mail of the Beekeeper {*Contam +Blink Dex+6}
   (You found it on level 6 of the Dungeon)

   It affects your dexterity (+6).
   It lets you blink.
   It causes magical contamination when unequipped.
   It has a curse placed upon it.
 M - a +1 robe of magic resistance (worn)
 W - a +0 shield
 X - a +2 hat (worn)
Magical Staves
 f - an uncursed staff of energy {unknown}
 P - an uncursed staff of earth
Jewellery
 m - an uncursed ring of resist corrosion
 w - an uncursed ring of sustain attributes {unknown}
 A - a ring of protection from magic (right hand)
 N - a +3 ring of evasion (left hand)
Wands
 j - a wand of lightning (9/15)
 C - a wand of random effects (37/48)
 F - a wand of paralysis (15/24)
 J - a wand of paralysis (7/24)
 O - a wand of flame (23/48)
 Q - a wand of iceblast (7/15)
 T - a wand of iceblast (6/15)
Scrolls
 b - 3 scrolls of fear
 g - a scroll of enchant weapon
 i - a scroll of amnesia
 n - a scroll of blinking
 r - a scroll of identify
 x - 5 scrolls of teleportation
 S - 3 scrolls of remove curse
Potions
 e - 5 potions of lignification {unknown}
 h - 6 potions of curing
 k - 6 potions of brilliance
 l - 6 potions of might
 o - 2 potions of heal wounds {unknown}
 p - a potion of mutation {unknown}
 u - a potion of cure mutation {unknown}
 z - 2 potions of ambrosia {unknown}
 E - a potion of magic {unknown}
 G - a potion of degeneration {unknown}
 I - a potion of cancellation {unknown}
 K - a potion of agility
 R - a potion of berserk rage {unknown}
Books
 c - a book of Minor Magic

   Spells                             Type                      Level
   a - Magic Dart                     Conjuration                  1
   b - Blink                          Translocation                2
   c - Call Imp                       Summoning                    2
   d - Repel Missiles                 Charms/Air                   2
   e - Slow                           Hexes                        2
   f - Conjure Flame                  Conjuration/Fire             3
   g - Mephitic Cloud                 Conjuration/Poison/Air       3
 y - a book of Flames

   Spells                             Type                      Level
   a - Flame Tongue                   Conjuration/Fire             1
   b - Throw Flame                    Conjuration/Fire             2
   c - Conjure Flame                  Conjuration/Fire             3
   d - Inner Flame                    Hexes/Fire                   3
   e - Sticky Flame                   Conjuration/Fire             4
   f - Fireball                       Conjuration/Fire             5
 D - a book of Unlife

   Spells                             Type                      Level
   a - Recall                         Summoning/Translocation      3
   b - Animate Dead                   Necromancy                   4
   c - Control Undead                 Necromancy                   4
   d - Cigotuvi's Embrace             Necromancy                   5
   e - Death Channel                  Necromancy                   6
   f - Simulacrum                     Ice/Necromancy               6
 Y - a book of Maledictions

   Spells                             Type                      Level
   a - Corona                         Hexes                        1
   b - Ensorcelled Hibernation        Hexes/Ice                    2
   c - Confuse                        Hexes                        3
   d - Tukima's Dance                 Hexes                        3
   e - Dazzling Spray                 Conjuration/Hexes            3
 Z - a book of Summonings

   Spells                             Type                      Level
   a - Recall                         Summoning/Translocation      3
   b - Aura of Abjuration             Summoning                    5
   c - Summon Demon                   Summoning                    5
   d - Summon Forest                  Summoning/Translocation      5
   e - Summon Mana Viper              Hexes/Summoning              5
   f - Shadow Creatures               Summoning                    6
Comestibles
 d - 7 bread rations
 q - a fruit
 L - a beef jerky
 U - a meat ration


   Skills:
 - Level 6.1 Fighting
   Level 2.8 Maces & Flails
 - Level 10.3 Dodging
 - Level 2.4 Stealth
 - Level 10.0 Spellcasting
 - Level 6.4 Conjurations
 - Level 3.4 Charms
 * Level 6.6 Summonings
 - Level 2.1 Translocations
 - Level 3.5 Transmutations
 - Level 4.6 Fire Magic
 - Level 1.2 Air Magic
 - Level 3.8 Poison Magic


You had 2 spell levels left.
You knew the following spells:

 Your Spells              Type           Power        Failure   Level  Hunger
a - Magic Dart            Conj           ####         1%          1    None
b - Blink                 Tloc           N/A          3%          2    None
c - Conjure Flame         Conj/Fire      #####...     1%          3    None
d - Ignite Poison         Fire/Tmut/Pois ####....     1%          3    None
e - Shadow Creatures      Summ           N/A          58%         6    ######.
f - Iskenderun's Mystic   Conj           #####...     1%          4    #......
r - Repel Missiles        Chrm/Air       ###...       3%          2    None
s - Sticky Flame          Conj/Fire      #####...     1%          4    #......
x - Mephitic Cloud        Conj/Pois/Air  ####....     1%          3    None


Dungeon Overview and Level Annotations

Branches:
Dungeon (11/15)            Temple (0/1) D:6             Orc (2/2) D:9
   Lair: D:8-11         Elf: Orc:2

Altars:
Ashenzari
Cheibriados
Gozag
Hepliaklqana
Nemelex Xobeh
Pakellas
Qazlal
Ru
Sif Muna
Trog
Uskayaw
Vehumet
Xom
Yredelemnul
Zin
The Shining One

Shops:
D:6 [

Annotations:
D:11 TheGoonsmith's ghost, journeyman DEFE
Orc:2 Maud


Innate Abilities, Weirdness & Mutations

Armour fits poorly on your strangely shaped body.
You expend magic power (3 MP) to strengthen your wands.


Message History

Aiming: Iskenderun's Mystic Blast
Press: ? - help, Shift-Dir - straight line, f/p - cyan ugly thing
Aim: a cyan ugly thing (severely wounded)
The orb of energy misses the cyan ugly thing.
The orb of energy hits the orc warrior.
You kill the orc warrior!
Vehumet accepts your kill.
You feel your power returning.
The orb of energy explodes!
The cyan ugly thing misses you.
Casting: Iskenderun's Mystic Blast
Confirm with . or Enter, or press ? or * to list all spells.
Aiming: Iskenderun's Mystic Blast
Press: ? - help, Shift-Dir - straight line, f/p - cyan ugly thing
Aim: a cyan ugly thing (severely wounded)
The orb of energy hits the cyan ugly thing.
The cyan ugly thing is almost dead.
The cyan ugly thing trunk-slaps you.
* * * LOW HITPOINT WARNING * * *
The cyan ugly thing shocks you!
You die...

.....)................
........................
......########.#######..
........................
........................
.###########...........# .#
#....)......# .#
#....u......# .#
#....@......#
.###########...........#####
............................
#######.....................
#...#######<.......... #...#
#...........
#...#######...........
#######....)................
............................


You could see a cyan ugly thing.

Vanquished Creatures
  Erica (D:11)
  2 hill giants
  A gargoyle (D:11)
  A troll (D:9)
  A spriggan (D:8)
  8 yaks (D:9)
  A wyvern (D:10)
  Grum (D:9)
  A warg (Orc:1)
  13 orc warriors
  3 ice beasts
  3 sky beasts
  10 ogres
  2 black bears
  A phantom (D:7)
  A necrophage (D:11)
  4 wolves (D:9)
  6 centaurs
  Blork the orc (D:4)
  7 giant frogs
  A gnoll sergeant (D:9)
  5 scorpions
  A water moccasin skeleton (D:9)
  2 killer bees (D:9)
  3 wights (D:6)
  A crimson imp (D:7)
  A howler monkey (D:5)
  A centaur zombie (D:6)
  2 hounds
  3 quasits
  A giant frog skeleton (D:11)
  8 orc wizards
  Crazy Yiuf (D:2)
  A centaur skeleton (D:6)
  5 jellies
  8 orc priests
  Jessica (D:3)
  Natasha (thrice) (D:2)
  3 iguanas
  Ijyb (D:2)
  5 worker ants
  2 hound skeletons
  A hound zombie (D:8)
  A worker ant zombie (D:9)
  12 gnolls
  6 adders
  A river rat (Sewer)
  3 shadow imps
  3 adder zombies
  An adder skeleton (D:4)
  4 dart slugs
  5 giant geckos
  37 orcs
  3 ball pythons (Sewer)
  9 giant cockroaches
  11 hobgoblins
  5 jackals
  7 kobolds
  10 bats
  13 giant newts
  3 goblins (D:1)
  2 quokka skeletons
  A quokka zombie (D:6)
  11 rats
276 creatures vanquished.

Vanquished Creatures (others)
  A yak (D:9)
  A killer bee (D:9)
  A giant frog skeleton (D:9)
3 creatures vanquished.

Grand Total: 279 creatures vanquished

Notes
Turn   | Place    | Note
--------------------------------------------------------------
     0 | D:1      | TheGoonsmith the Deep Elf Wizard began the quest for the Orb.
     0 | D:1      | Reached XP level 1. HP: 10/10 MP: 7/7
   228 | D:1      | Reached XP level 2. HP: 15/15 MP: 5/9
   757 | D:1      | Reached XP level 3. HP: 19/19 MP: 8/11
   771 | D:1      | Learned a level 3 spell: Mephitic Cloud
   775 | D:1      | Learned a level 3 spell: Conjure Flame
   778 | D:1      | Learned a level 2 spell: Blink
   781 | D:1      | Learned a level 2 spell: Call Imp
  1412 | D:2      | Noticed Natasha
  1417 | D:2      | Killed Natasha
  1417 | D:2      | Reached skill level 5 in Spellcasting
  1417 | D:2      | Reached XP level 4. HP: 15/24 MP: 7/13
  1717 | D:2      | Noticed Natasha
  1722 | D:2      | Killed Natasha
  1769 | D:2      | Found an oddly glowing altar of Pakellas.
  1795 | D:2      | Noticed Natasha
  1801 | D:2      | Killed Natasha
  1927 | D:2      | Noticed Ijyb
  1935 | D:2      | Killed Ijyb
  1935 | D:2      | Reached XP level 5. HP: 26/28 MP: 5/15
  2271 | D:2      | Noticed Crazy Yiuf
  2280 | D:2      | Killed Crazy Yiuf
  2280 | D:2      | Reached skill level 5 in Conjurations
  2651 | D:3      | Learned a level 2 spell: Repel Missiles
  2949 | D:3      | Noticed Jessica
  2953 | D:3      | Killed Jessica
  3579 | D:4      | Reached XP level 6. HP: 32/32 MP: 4/17
  3707 | D:4      | Found a glowing golden altar of the Shining One.
  3834 | D:4      | Reached skill level 1 in Fire Magic
  3881 | D:4      | Found a radiant altar of Vehumet.
  3886 | D:4      | Became a worshipper of Vehumet
  3898 | D:4      | Noticed a sky beast
  3908 | D:4      | Killed a sky beast
  4286 | D:4      | Found a basalt altar of Yredelemnul.
  4416 | D:4      | Noticed Blork the orc
  4467 | D:4      | Killed Blork the orc
  4794 | D:4      | Noticed an angel
  4821 | D:5      | Entered Level 5 of the Dungeon
  4865 | D:5      | Reached skill level 1 in Air Magic
  4865 | D:5      | Reached skill level 1 in Poison Magic
  4865 | D:5      | Reached XP level 7. HP: 36/36 MP: 12/18
  4990 | D:5      | Found a glowing drain.
  5008 | Sewer    | Entered a sewer
  5328 | Sewer    | Reached * piety under Vehumet
  5328 | Sewer    | Offered knowledge of Freeze by Vehumet.
  5873 | D:6      | Learned a level 4 spell: Sticky Flame
  5891 | D:6      | Found a glowing silver altar of Zin.
  6421 | D:6      | Reached XP level 8. HP: 17/41 MP: 6/22
  6694 | D:6      | Found Fyxzifoh's Armour Shoppe.
  6713 | D:6      | Found a hazy altar of Hepliaklqana.
  6754 | D:6      | Got a crude ring mail
  6761 | D:6      | Identified the cursed +1 ring mail of the Beekeeper {*Contam +Blink Dex+6} (You found it on level 6 of the Dungeon)
  7108 | D:6      | Found a bloodstained altar of Trog.
  7237 | D:6      | Found a staircase to the Ecumenical Temple.
  7465 | D:6      | Reached skill level 5 in Dodging
  7707 | D:7      | Noticed a hill giant
  7726 | D:7      | Killed a hill giant
  7726 | D:7      | Reached XP level 9. HP: 45/45 MP: 0/23
  7959 | D:7      | Found a snail-covered altar of Cheibriados.
  7959 | D:7      | Found an oddly glowing altar of Pakellas.
  7959 | D:7      | Found an opulent altar of Gozag.
  7959 | D:7      | Found a shattered altar of Ashenzari.
  8065 | D:7      | Found a sparkling altar of Nemelex Xobeh.
  8066 | D:7      | Found a deep blue altar of Sif Muna.
  8067 | D:7      | Found a stormy altar of Qazlal.
  8068 | D:7      | Found a hide-covered altar of Uskayaw.
  8074 | D:7      | Found a shimmering altar of Xom.
  8075 | D:7      | Found a sacrificial altar of Ru.
  8641 | D:7      | Reached skill level 10 in Dodging
  9089 | D:7      | Offered knowledge of Throw Frost by Vehumet.
  9139 | D:7      | Reached ** piety under Vehumet
  9224 | D:8      | Reached skill level 1 in Fighting
 10678 | D:9      | Reached skill level 5 in Fighting
 10818 | D:9      | Reached XP level 10. HP: 59/59 MP: 17/24
 10909 | D:9      | Offered knowledge of Ignite Poison by Vehumet.
 11035 | D:9      | Learned a level 3 spell: Ignite Poison
 11182 | D:9      | Reached skill level 1 in Transmutations
 11417 | D:9      | Noticed Grum
 11424 | D:9      | Killed Grum
 11426 | D:9      | Reached *** piety under Vehumet
 11868 | D:9      | Reached skill level 1 in Maces & Flails
 11962 | D:9      | Offered knowledge of Iskenderun's Mystic Blast by Vehumet.
 11987 | D:9      | Learned a level 4 spell: Iskenderun's Mystic Blast
 12043 | D:9      | Found a staircase to the Orcish Mines.
 12369 | D:9      | Gained mutation: You expend magic power (3 MP) to strengthen your wands. [mutagenic glow]
 12467 | D:9      | Gained mutation: Armour fits poorly on your strangely shaped body. [mutagenic glow]
 13147 | D:10     | Entered Level 10 of the Dungeon
 13573 | D:10     | Reached skill level 10 in Spellcasting
 13603 | D:10     | Identified a scroll of acquirement
 13648 | D:10     | Learned a level 6 spell: Shadow Creatures
 13717 | D:10     | Reached **** piety under Vehumet
 13791 | D:10     | Noticed a hill giant
 13808 | D:10     | Killed a hill giant
 13808 | D:10     | Reached XP level 11. HP: 64/64 MP: 6/27
 14309 | D:11     | Noticed Erica
 14320 | D:11     | Killed Erica
 14332 | D:11     | Noticed TheGoonsmith's ghost (journeyman DEFE)
 14844 | Orc:1    | Entered Level 1 of the Orcish Mines
 14918 | Orc:1    | Reached skill level 5 in Summonings
 15266 | Orc:1    | Offered knowledge of Lightning Bolt by Vehumet.
 15439 | Orc:2    | Entered Level 2 of the Orcish Mines
 15453 | Orc:2    | Noticed Maud
 16208 | D:11     | Noticed an eight-headed hydra
 16419 | D:11     | Noticed a cyan ugly thing
 16441 | D:11     | Mangled by a cyan ugly thing

Vault maps used:
D:1:      lemuel_arrival_lava_pool
D:2:      grunt_pakellas_basics, uniq_iyjb, uniq_crazy_yiuf_cottage,
          uniq_natasha
D:3:      uniq_jessica
D:4:      grunt_temple_overflow_holy_war, kennysheep_little_box,
          uniq_blork_the_orc
D:5:      kennysheep_windowed_halls, portal_sewer_entry_a, first_bread,
          uniq_edmund, uniq_duvessa
D:6:      nicolae_overflow_hidden_temple, minmay_temple_entry_metal_lava,
          serial_shops, nicolae_shop_trees
D:7:      minitemple
D:8:      the_bakery
D:9:      kennysheep_orc_monster_closet_entryway, eino_jars, uniq_grum
D:11:     david_lair_shrubbed, hangedman_decor_opposing, uniq_erica
Orc:2:    pf_orc_diabolical, uniq_saint_roka, uniq_maud
Sewer:    sewer_co_cracked_pipes

Skill      XL: |  1  2  3  4  5  6  7  8  9 10 11 |
---------------+----------------------------------+-----
Conjurations   | 2 3 4 5 6 |  6.4
Spellcasting   | 5 6 8 10 | 10.0
Translocations | 2 |  2.1
Fire Magic     | 2 3 4 |  4.6
Charms         | 3 |  3.4
Air Magic      | 1 |  1.2
Poison Magic   | 1 3 |  3.8
Dodging        | 8 10 | 10.3
Fighting       | 5 6 |  6.1
Transmutations | 3 |  3.5
Maces & Flails | 2 |  2.8
Summonings     | 2 6 |  6.6
Stealth        | |  2.4

Action                   |  1- 3 |  4- 6 |  7- 9 | 10-12 || total
-------------------------+-------+-------+-------+-------++-------
Melee: Dagger            |       |     1 |    28 |    15 ||    44
       Whip              |       |       |     6 |    41 ||    47
 Cast: Magic Dart        |    75 |   135 |   437 |   342 ||   989
       Conjure Flame     |       |     6 |    20 |     9 ||    35
       Mephitic Cloud    |       |     3 |    17 |    55 ||    75
       Repel Missiles    |       |     1 |       |     2 ||     3
       Sticky Flame      |       |       |    10 |     7 ||    17
       Call Imp          |       |       |     2 |       ||     2
       Ignite Poison     |       |       |       |    31 ||    31
       Iskenderun's Myst |       |       |       |     5 ||     5
       Blink             |       |       |       |     3 ||     3
  Use: Scroll            |     6 |     8 |     4 |     6 ||    24
 Stab: Confused          |       |       |       |     1 ||     1
  Eat: Chunk             |     1 |    11 |    11 |    13 ||    36
       Pizza             |       |       |     1 |       ||     1
       Bread ration      |       |       |     1 |     1 ||     2
       Fruit             |       |       |     1 |       ||     1
       Royal jelly       |       |       |       |     1 ||     1
Armor: Robe              |     2 |       |    43 |    45 ||    90
       Leather armour    |       |     6 |     3 |       ||     9
Dodge: Dodged            |     7 |     9 |   119 |   136 ||   271
       Deflected         |       |       |     5 |     3 ||     8
